 Dungeon Crawl Stone Soup version 0.23.2-1-ga50397a (webtiles) character file.

Game seed: 6229181980578552746

93 funkygono the Ducker (level 4, 0/35 HPs)
             Began as a Demonspawn Monk on May 18, 2019.
             Killed from afar by Natasha (6 damage)
             ... with a magic dart
             ... on level 2 of the Dungeon.
             The game lasted 00:03:48 (1628 turns).

funkygono the Ducker (Demonspawn Monk)              Turns: 1628, Time: 00:03:49

Health: 0/35       AC:  3    Str: 12 (13) XL:     4   Next: 37%
Magic:  4/4        EV: 13    Int:  8 (11) God:
Gold:   57         SH:  0    Dex: 13 (15) Spells: 3/3 levels left

rFire    . . .     SeeInvis .   a - +0 mace
rCold    + . .     Gourm    .   (no shield)
rNeg     . . .     Faith    .   f - +0 leather armour
rPois    .         Spirit   .   (helmet restricted)
rElec    .         Reflect  .   (no cloak)
rCorr    .         Harm     .   (no gloves)
MR       .....                  (no boots)
Stlth    ++........             (no amulet)
HPRegen  0.11/turn              (no ring)
MPRegen  0.09/turn              (no ring)

@: slowed, very slow
A: antennae 2, cold resistance 1
a: no special abilities


You were on level 2 of the Dungeon.
You were not hungry.

You visited 1 branch of the dungeon, and saw 2 of its levels.

You collected 57 gold pieces.

Inventory:

Hand Weapons
 a - a +0 mace (weapon)
Armour
 f - a +0 leather armour (worn)
Scrolls
 d - 3 scrolls of identify
 e - a scroll of teleportation
Potions
 g - a potion of flight {unknown}
 j - a potion of might
Comestibles
 b - 2 chunks of flesh
 c - 7 rations


   Skills:
 + Level 3.2 Fighting
 + Level 3.5 Maces & Flails
 + Level 0.7 Armour
 + Level 3.6 Dodging
 + Level 2.0 Stealth


You had 3 spell levels left.
You didn't know any spells.
Your spell library was empty.

Dungeon Overview and Level Annotations

Branches:
Dungeon (2/15)

Altars:
Dithmenos
Xom

Annotations:
D:2 Natasha


Innate Abilities, Weirdness & Mutations

You have a pair of antennae on your head.
Your flesh is cold resistant. (rC+)


Message History

Natasha claws you!
You hit Natasha.
Natasha is moderately wounded.
Natasha claws you. The white imp closely misses you. Natasha claws you!
The white imp misses you.
You hit Natasha.
Natasha is severely wounded.
Natasha mumbles some strange words.
Natasha shimmers violently.
Natasha claws you!
The white imp hits you but does no damage.
Natasha drinks a potion.
Natasha is healed!
You closely miss Natasha. The white imp gestures at you.
The puff of frost hits you. You resist.
* * * LOW HITPOINT WARNING * * *
Natasha claws you but does no damage. The white imp misses you.
Natasha casts a spell at you. The magic dart hits you.
You die...

......##.....##.............#####
##<#..###....######...÷÷.###.....
......###....# #...##.# #.####
.#.#...÷..#### #####...##.###[
##.#......########## #...##.##..
##.###..........(..# #...##.##..
...# #####.#.#.#(#.# #...##.##..
##########..###5.#. #...##.....
#............#..@#. #...#####..
#........#.#..#.h#.####...#####..
#.......[#............÷.÷......).
#........#..#.#..................
#.......##..#.##>................
#...÷...##....##.#####......#####
.............###.# #....#.#
###..######... ..# #....#.#
###..## # #......#.#


You could see Natasha and a white imp.

Vanquished Creatures
  Natasha (twice) (D:2)
  A gnoll (D:1)
  An ooze (D:2)
  A leopard gecko (D:1)
  5 bats
  3 giant cockroaches
  3 goblins (D:2)
  2 hobgoblins (D:1)
  A quokka (D:2)
  A ball python (D:2)
  A frilled lizard (D:2)
  4 kobolds (D:1)
  7 rats
32 creatures vanquished.

Notes
Turn   | Place    | Note
-------+----------+-------------------------------------------
     0 | D:1      | funkygono the Demonspawn Monk began the quest for the Orb.
     0 | D:1      | Reached XP level 1. HP: 18/18 MP: 1/1
   517 | D:1      | Gained mutation: Your flesh is cold resistant. (rC+)
                  | [demonic ancestry]
   517 | D:1      | Reached XP level 2. HP: 19/24 MP: 2/2
   876 | D:1      | Found a glowing golden altar of the Shining One.
   878 | D:1      | Found an iron altar of Okawaru.
   878 | D:1      | Found an opulent altar of Gozag.
   880 | D:1      | Found a bloodstained altar of Trog.
   880 | D:1      | Found a shimmering altar of Xom.
   880 | D:1      | Found a shimmering altar of Xom.
  1033 | D:2      | Gained mutation: You have a pair of small antennae on your
                  | head. [demonic ancestry]
  1033 | D:2      | Reached XP level 3. HP: 19/29 MP: 3/3
  1043 | D:2      | Noticed Natasha
  1052 | D:2      | Killed Natasha
  1233 | D:2      | Noticed Natasha
  1243 | D:2      | Killed Natasha
  1243 | D:2      | Gained mutation: You have a pair of antennae on your head.
                  | [demonic ancestry]
  1243 | D:2      | Reached XP level 4. HP: 3/35 MP: 4/4
  1548 | D:2      | Found a shadowy altar of Dithmenos.
  1621 | D:2      | Noticed Natasha
  1628 | D:2      | Killed from afar by Natasha

Skill      XL: |  1  2  3 |
---------------+----------+-----
Dodging        | 3 |  3.6
Maces & Flails | 3 |  3.5
Stealth        | 2 |  2.0
Fighting       | |  3.2
Armour         | |  0.7

Action                   |  1- 3 |  4- 6 || total
-------------------------+-------+-------++-------
Melee: Mace              |    92 |    16 ||   108
  Use: Scroll            |     5 |       ||     5
       Potion            |     2 |       ||     2
 Stab: Sleeping          |     2 |     1 ||     3
  Eat: Chunk             |     1 |     1 ||     2
Armor: Robe              |     7 |       ||     7
       Leather armour    |    18 |     5 ||    23
Dodge: Dodged            |    84 |     9 ||    93
